 Dungeon Crawl Stone Soup version 0.27-a0-1347-gd8886f0a89 (webtiles) character file.

Game seed: 11078889642041331543

2 Brandom the Charlatan (level 1, -2/16 HPs)
             Began as a Palentonga Artificer on June 27, 2021.
             Frozen to death by an endoplasm (4 damage)
             ... on level 1 of the Dungeon.
             The game lasted 00:01:07 (72 turns).

Brandom the Charlatan (Palentonga Artificer)          Turns: 72, Time: 00:01:07

Health: -2/16      AC:  4    Str: 15    XL:     1   Next: 33%
Magic:  1/1        EV:  9    Int: 11    God:
Gold:   48         SH:  0    Dex: 10    Spells: 0/0 levels left

rFire    . . .     SeeInvis +   a - +0 club
rCold    . . .     Faith    .   (no shield)
rNeg     . . .     Spirit   .   b - +0 leather armour
rPois    .         Reflect  .   (no helmet)
rElec    .         Harm     .   (no cloak)
rCorr    .         Rampage  .   (no gloves)
Will     .....                  (no barding)
Stlth    +.........             (no amulet)
HPRegen  0.05/turn              (no ring)
MPRegen  0.07/turn              (no ring)

@: no status effects
A: large, rugged brown scales 3, see invisible, deformed body, roll 1, armoured
tail
a: Rolling Charge


You were on level 1 of the Dungeon.
You visited 1 branch of the dungeon, and saw 1 of its levels.

You collected 48 gold pieces.

Inventory:

Hand Weapons
 a - a +0 club (weapon)
Missiles
 c - 23 poisoned darts
Armour
 b - a +0 leather armour (worn)
Wands
 d - a wand of charming (15) (quivered)
 t - a wand of flame (15)
Miscellaneous
 e - a piece from Xom's chessboard (15/15)


   Skills:
 * Level 1.2 Fighting
 + Level 1.6 Armour
 + Level 0.8 Dodging
 - Level 0.5 Stealth
 - Level 2.6 Evocations


You couldn't memorise any spells.
You didn't know any spells.
Your spell library was empty.

Dungeon Overview and Level Annotations

Branches:
Dungeon (1/15)

Altars:


Innate Abilities, Weirdness & Mutations

You are completely covered in rugged brown scales. (AC +3, +7% HP)
You have supernaturally acute eyesight. (SInv)
Armour fits poorly on your strangely shaped body.
You can roll at nearby foes to attack.
You have a long armoured tail.


Message History

Aim: a hobgoblin You roll forward with a clatter of scales!
You closely miss the hobgoblin.
Your tail-slap misses the hobgoblin.
The hobgoblin barely misses you.
You hit the hobgoblin.
The hobgoblin hits you but does no damage.
You hit the hobgoblin but do no damage. The hobgoblin closely misses you.
The hobgoblin hits you.
You hit the hobgoblin.
The hobgoblin hits you but does no damage.
You hit the hobgoblin.
You kill the hobgoblin!
No target in view!
No target in view!
Found 10 poisoned darts.
You see here a hobgoblin corpse.
Found 13 poisoned darts.
You now have 35 gold pieces (gained 15).
You see here 13 poisoned darts.
c - 13 poisoned darts You now have 48 gold pieces (gained 13).
c - 23 poisoned darts (gained 10)
Found 9 gold pieces.
Found a stone staircase leading down.
There is a stone staircase leading down here.
An endoplasm comes into view.
You see here 9 gold pieces.
An endoplasm is nearby!
A ball python comes into view.
The endoplasm quivers.
The ball python hisses angrily.
The ball python bites you. x2
You barely miss the ball python.
The ball python bites you but does no damage.
You hit the ball python. The ball python barely misses you.
The endoplasm hits you but does no damage.
The ball python bites you.
* * * LOW HITPOINT WARNING * * *
The ball python bites you but does no damage.
The endoplasm freezes you.
You are frozen.
* * * LOW HITPOINT WARNING * * *
You see here 9 gold pieces.
The ball python bites you.
* * * LOW HITPOINT WARNING * * *
You hit the ball python.
You kill the ball python!
You barely miss the endoplasm. The endoplasm freezes you.
You are frozen.
You die...

######## #.. ..#
###....#######.####.#
..+....+........>.$.#
.##....#######.#.##.#
.##....#######.#J#..#
.##....#.......#@#..#
.##..........###.#..#
.# ###.......# #.#..#
.#####.......# #.#..#
.....###.##### #.#..#
.....###.# #.#..#
.......†.# #.#
.........# #.#
.##......#


You could see an endoplasm.

Vanquished Creatures
  A hobgoblin (D:1)
  A ball python (D:1)
  A rat (D:1)
3 creatures vanquished.

Notes
Turn   | Place    | Note
-------+----------+-------------------------------------------
     0 | D:1      | Brandom the Palentonga Artificer began the quest for the
                  | Orb.
     0 | D:1      | Reached XP level 1. HP: 16/16 MP: 1/1
    72 | D:1      | Frozen to death by an endoplasm

Illustrated notes

Levels and vault maps discovered:
D:1:      giann_horns, layout_basic

Action                   || total
-------------------------++-------
Melee: Club              ||    10
 Abil: Rolling Charge    ||     2
Armor: Leather armour    ||     5
Dodge: Dodged            ||     3

Table legend: (Time is in decaauts)
 A = Elapsed time spent in this place.
 B = Non-inter-level travel time spent in this place.
 C = Inter-level travel time spent in this place.
 D = Time resting spent in this place.
 E = Time spent auto-exploring this place.
 F = Levels seen in this place.
 G = Mean time per level.
                   A        B        C        D        E       F      G
               +--------+--------+--------+--------+--------+-----+--------+
         Total |     74 |     74 |      0 |      0 |     42 |   1 |   74.0 |
       Dungeon |     74 |     74 |      0 |      0 |     42 |   1 |   74.0 |
               +--------+--------+--------+--------+--------+-----+--------+

Top non-repeatable levels by time:
     D:1: 74 daAuts
